Map: Pillars of Gold LE

Players

LiquidClem (Clem) - Winner!

  • Race: Terran Terran
  • League: Master
  • Spawn Location: 1:00

LiquidMaNa (MaNa)

  • Race: Protoss Protoss
  • League: Grandmaster
  • Spawn Location: 7:00

Event: DreamHack SC2 Masters 2020 Summer Europe

VOD

Have the link to the VOD?

Description

Time

  • Played on: July 7, 2020, 10:53 a.m.
  • Length: 11:26

All games in this series

Show
View Real Time Build Order
Export as new Build Order

LiquidClem Terran - Winner!

Build Orders: Reaper Expand 

Get SALT Encoding   

  12  0:00  SCV  
  13  0:12  SCV  
  14  0:18  Supply Depot  
  14  0:25  SCV  
  15  0:39  SCV  
  15  0:41  Barracks  
  16  0:45  Refinery  
  16  0:51  SCV  
  17  1:03  SCV  
  18  1:16  SCV  
  19  1:28  Orbital Command, Reaper  
  20  1:46  Command Center  
  20  1:52  Supply Depot  
  20  1:55  SCV  
  20  1:59  Marine  
  22  2:08  SCV  
  23  2:12  Factory  
  23  2:17  Bunker  
  23  2:22  Barracks Reactor  
  23  2:24  SCV  
  24  2:30  Refinery  
  24  2:36  SCV  
  25  2:48  SCV  
  26  2:57  Starport  
  26  3:00  Orbital Command  
  26  3:04  SCV  
  27  3:08  Hellion, Barracks Tech Lab  
  29  3:13  Hellion  
  29  3:17  SCV  
  32  3:25  SCV  
  33  3:29  SCV  
  34  3:36  Supply Depot  
  34  3:37  SCV  
  34  3:39  Raven  
  37  3:41  Marine  
  37  3:42  Marine, SCV  
  40  3:49  SCV  
  40  3:54  SCV  
  42  3:58  Factory Tech Lab  
  42  3:59  Marine x2  
  42  4:00  Supply Depot  
  42  4:01  SCV  
  45  4:06  SCV  
  46  4:10  Barracks  
  46  4:12  Barracks  
  46  4:13  SCV  
  47  4:17  Marine x2  
  47  4:21  Siege Tank, SCV  
  52  4:27  SCV  
  52  4:30  Refinery  
  53  4:32  Starport Reactor  
  53  4:35  Marine, SCV, Engineering Bay  
  55  4:39  SCV  
  55  4:41  Marine  
  55  4:45  Supply Depot  
  57  4:47  SCV  
  57  4:51  SCV  
  56  4:53  Marine  
  56  4:59  Marine, SCV  
  56  5:03  SCV  
  56  5:09  Stimpack  
  56  5:10  Marine  
  56  5:12  SCV  
  58  5:16  SCV  
  58  5:18  Combat Shield, Marine x2  
  58  5:19  Refinery  
  58  5:21  Marauder, Factory Reactor  
  63  5:25  SCV  
  64  5:28  Supply Depot  
  64  5:29  SCV  
  64  5:35  Marauder  
  67  5:37  Marine x2  
  67  5:40  Supply Depot, Terran Infantry Weapons Level 1  
  67  5:43  SCV  
  67  5:44  SCV  
  69  5:50  Marauder  
  69  5:52  Supply Depot  
  69  5:55  SCV  
  69  5:56  Marauder  
  74  5:58  Marine x2  
  74  6:01  SCV  
  77  6:05  Widow Mine x2, Medivac  
  77  6:09  Medivac  
  83  6:12  SCV  
  83  6:14  Supply Depot  
  83  6:15  Marauder  
  86  6:19  Supply Depot  
  86  6:20  Missile Turret  
  86  6:21  Marine x2  
  86  6:25  Missile Turret  
  88  6:26  Marauder  
  88  6:31  Widow Mine x2  
  94  6:37  Concussive Shells  
  94  6:39  Marauder  
  96  6:45  Command Center  
  96  6:49  Marine x2  
  96  6:51  Marauder  
  100  6:54  Supply Depot  
  100  6:59  Widow Mine x2  
  104  7:03  Medivac  
  104  7:04  Medivac  
  107  7:12  Command Center  
  100  7:17  Marine x2  
  100  7:18  Marauder x2  
  96  7:27  SCV  
  83  7:35  Marine, Barracks  
  83  7:36  Widow Mine x2  
  65  7:37  Medivac x2  
  88  7:38  Barracks  
  88  7:40  Marauder  
  88  7:42  Marine  
  88  7:43  Marauder  
  88  7:44  SCV  
  98  7:51  Terran Infantry Armor Level 1  
  97  7:54  SCV  
  97  7:56  Marine  
  95  8:01  Marauder  
  95  8:02  Marine  
  95  8:04  Marauder  
  100  8:11  Widow Mine x2  
  103  8:13  SCV x2  
  103  8:14  Marine  
  103  8:18  Medivac x2  
  110  8:22  Marauder  
  112  8:27  Barracks Tech Lab  
  112  8:28  Marine, Barracks Reactor  
  112  8:29  Marauder  
  112  8:31  SCV x2  
  113  8:37  Widow Mine x2  
  105  8:41  Marine  
  105  8:44  Marauder  
  105  8:47  Orbital Command  
  108  8:50  SCV  
  108  8:51  SCV  
  108  8:55  Marauder  
  112  8:58  Marauder  
  112  9:02  SCV  
  115  9:03  Ghost Academy, SCV  
  115  9:06  Marine x2  
  118  9:10  Marine x2  
  118  9:11  Marauder  
  122  9:17  Widow Mine x2  
  112  9:27  Marine  
  112  9:28  Marauder x2  
  112  9:29  Marine, Medivac x2  
  112  9:30  Marine, SCV x2  
  119  9:32  Supply Depot, SCV  
  119  9:33  Supply Depot, Marine  
  121  9:38  Ghost  
  121  9:42  Armory, SCV  
  121  9:43  Engineering Bay  
  124  9:48  Marine, Missile Turret  
  124  9:51  Marine x2  
  124  9:52  Ghost  
  129  9:53  Ghost  
  131  10:00  Marine  
  131  10:01  Widow Mine x2  
  131  10:03  Supply Depot  
  135  10:08  Refinery  
  135  10:11  Command Center  
  135  10:13  Marine x2  
  137  10:17  Marauder  
  145  10:21  Marauder  
  145  10:22  Viking x2  
  145  10:23  Marine x2  
  145  10:26  Ghost  
  143  10:31  Marine  
  142  10:37  Ghost  
  142  10:39  Marine  
  142  10:40  Widow Mine  
  142  10:42  Marine x2  
  143  10:45  Marauder  
  143  10:48  SCV  
  140  10:51  Marine  
  140  10:56  Marauder  
  144  10:58  Refinery  
  144  11:01  Marine  
  144  11:03  SCV  
  146  11:07  Marine x2  
  146  11:11  SCV x2  
  154  11:17  Barracks  
  154  11:18  Barracks  
  154  11:19  Barracks  
Show
View Real Time Build Order
Export as new Build Order

LiquidMaNa Protoss 

Build Orders: Oracle Opening, Phoenix Opening, Zealot Archon 

Get SALT Encoding   

  12  0:00  Probe  
  13  0:12  Probe  
  14  0:19  Pylon  
  14  0:24  Probe  
  15  0:33  Probe  
  15  0:40  Gateway  
  15  0:41  Probe  
  16  0:48  Assimilator  
  17  0:53  Probe  
  18  1:01  Probe  
  18  1:06  Assimilator  
  18  1:09  Probe  
  20  1:19  Probe  
  21  1:27  Cybernetics Core  
  21  1:31  Probe  
  22  1:47  Nexus  
  22  1:53  Pylon  
  22  1:57  Probe  
  23  2:01  Stalker  
  23  2:06  Warp Gate  
  23  2:12  Probe  
  26  2:24  Probe  
  27  2:32  Sentry  
  27  2:36  Probe  
  27  2:37  Pylon  
  30  2:48  Probe  
  31  2:55  Stargate  
  31  2:56  Probe  
  31  2:58  Stalker  
  33  3:00  Probe  
  33  3:04  Probe  
  33  3:05  Phoenix  
  35  3:12  Probe  
  37  3:14  Probe  
  37  3:16  Gateway  
  38  3:24  Probe  
  38  3:26  Probe  
  40  3:29  Oracle  
  40  3:35  Pylon  
  40  3:36  Probe  
  40  3:38  Probe  
  45  3:48  Gateway, Probe  
  46  3:50  Probe  
  46  3:55  Stalker  
  49  3:58  Oracle  
  49  4:00  Probe  
  50  4:03  Shield Battery, Probe  
  54  4:12  Probe  
  54  4:14  Assimilator  
  54  4:15  Probe  
  56  4:21  Twilight Council  
  56  4:24  Probe  
  56  4:27  Probe  
  56  4:28  Zealot x2  
  62  4:34  Pylon  
  62  4:40  Probe  
  62  4:44  Charge  
  62  4:52  Probe x2  
  64  5:01  Nexus  
  64  5:04  Probe  
  62  5:10  Probe  
  63  5:15  Forge  
  63  5:16  Gateway, Probe  
  63  5:17  Gateway, Sentry x2  
  68  5:23  Gateway  
  68  5:25  Probe  
  68  5:28  Protoss Ground Armor Level 1  
  69  5:30  Probe  
  69  5:35  Pylon  
  70  5:37  Pylon  
  70  5:46  Gateway  
  70  5:48  Gateway  
  70  5:53  Phoenix  
  70  5:54  Probe  
  70  5:55  Probe  
  74  6:05  Stalker  
  74  6:07  Probe x2  
  77  6:12  Blink, Zealot x3  
  77  6:13  Probe  
  77  6:17  Templar Archives  
  84  6:19  Probe x2  
  86  6:31  Zealot x2  
  90  6:37  Zealot x2  
  94  6:42  Zealot x2  
  94  6:45  Shield Battery  
  98  6:49  Pylon  
  98  6:53  Zealot  
  100  6:54  Pylon  
  100  7:08  High Templar x2, Zealot x2  
  108  7:14  Archon  
  108  7:15  Zealot x4  
  98  7:21  Probe  
  90  7:24  Phoenix  
  90  7:26  Probe  
  90  7:27  Probe  
  86  7:30  Stalker x2  
  86  7:33  Shield Battery, Probe  
  91  7:37  Photon Cannon, Assimilator  
  91  7:39  Zealot x4  
  91  7:43  Stalker  
  101  7:46  Zealot  
  102  7:53  Probe  
  102  7:55  Zealot x2  
  98  8:02  Stalker x3  
  98  8:04  Probe  
  103  8:09  High Templar  
  103  8:10  Probe  
  106  8:14  Probe  
  101  8:20  Probe  
  101  8:25  High Templar, Zealot x3  
  109  8:32  Psionic Storm  
  109  8:47  Assimilator, Protoss Ground Armor Level 2  
  109  8:53  Pylon  
  109  8:55  Pylon  
  109  8:56  Pylon  
  109  9:03  Pylon  
  109  9:05  Nexus  
  109  9:09  Probe x2  
  103  9:10  Zealot x3  
  109  9:17  Archon  
  109  9:19  Stalker x3  
  99  9:26  Probe  
  99  9:27  Zealot  
  98  9:37  High Templar x2, Pylon  
  102  9:38  Zealot  
  102  9:42  Pylon  
  104  9:49  Zealot x4, Assimilator, Robotics Facility  
  112  9:53  Probe x2  
  114  10:00  Zealot  
  116  10:11  Stalker x2  
  116  10:12  Stalker x2  
  120  10:15  Zealot x2  
  112  10:30  Zealot x2  
  116  10:36  Observer, Zealot x5  
  116  10:40  Archon  
  115  10:44  Zealot, Probe x2  
  115  10:45  Probe  
  104  10:56  High Templar x4, Probe x2  
  106  10:57  Zealot x3  
  106  11:01  Archon x2  
  106  11:06  Zealot  
  106  11:10  Photon Cannon  
  110  11:20  Zealot x3  
  110  11:21  High Templar  
Tags
 
Add a new tag
Caveats
  • Supply blocks, unpowered buildings, or Contaminate may cause inaccurate times.
  • Supply counts are checked every 10 seconds.